Map: Equilibrium LE

Players

IIIIIIIIII

  • Race: Protoss Protoss
  • League: Diamond
  • Spawn Location: 11:00

Sylnear - Winner!

  • Race: Terran Terran
  • League: Diamond
  • Spawn Location: 1:00

VOD

Have the link to the VOD?

Description

Battlecruiser Mech TvX

Time

  • Played on: Oct. 19, 2023, 6:30 p.m.
  • Length: 22:57
Show
View Real Time Build Order
Export as new Build Order

IIIIIIIIII Protoss 

Build Orders: 1 Gate Expand 

Get SALT Encoding   

  12  0:00  Probe  
  13  0:12  Probe  
  14  0:17  Pylon  
  14  0:24  Probe (Chrono Boost)  
  16  0:37  Probe (Chrono Boost)  
  16  0:39  Gateway  
  16  0:43  Probe (Chrono Boost)  
  16  0:46  Assimilator  
  17  0:51  Probe  
  18  1:03  Probe (Chrono Boost)  
  19  1:14  Probe (Chrono Boost)  
  20  1:19  Probe (Chrono Boost)  
  21  1:26  Cybernetics Core  
  21  1:37  Nexus  
  21  1:45  Pylon  
  21  1:50  Probe  
  21  1:53  Assimilator  
  22  2:01  Adept (Chrono Boost)  
  22  2:02  Probe  
  22  2:07  Warp Gate  
  24  2:15  Probe  
  25  2:23  Twilight Council  
  25  2:32  Stalker  
  27  2:43  Probe (Chrono Boost)  
  28  2:53  Probe (Chrono Boost)  
  28  2:56  Pylon  
  30  3:01  Probe (Chrono Boost)  
  30  3:03  Robotics Facility, Probe (Chrono Boost)  
  31  3:09  Charge (Chrono Boost)  
  31  3:18  Probe x2  
  33  3:30  Shield Battery, Probe x2  
  35  3:35  Gateway  
  35  3:36  Gateway  
  35  3:40  Gateway  
  35  3:54  Gateway  
  35  3:56  Gateway  
  35  4:00  Gateway  
  35  4:04  Gateway  
  35  4:08  Gateway  
  35  4:17  Warp Prism (Chrono Boost)  
  35  4:23  Stalker  
  37  4:35  Zealot x3  
  39  4:47  Zealot  
  39  4:57  Zealot x4  
  39  4:58  Zealot x2  
  49  5:00  Zealot  
  51  5:09  Probe x2  
  51  5:13  Pylon  
  53  5:14  Pylon  
  53  5:16  Pylon  
  53  5:17  Pylon  
  53  5:20  Pylon  
  54  5:21  Probe  
  54  5:31  Zealot x2  
  54  5:32  Zealot  
  54  5:33  Zealot  
  62  5:47  Zealot x4  
  66  6:03  Pylon  
  54  6:05  Shield Battery  
  42  6:18  Stalker x3  
  42  6:19  Stalker  
  46  6:26  Shield Battery  
  46  6:29  Probe (Chrono Boost)  
  48  6:35  Probe (Chrono Boost)  
  48  6:38  Probe (Chrono Boost)  
  48  6:39  Stalker x2  
  53  6:41  Assimilator  
  53  6:42  Probe (Chrono Boost)  
  54  6:52  Stalker  
  56  7:19  Zealot x4  
  56  7:20  Zealot x4  
  59  7:45  Zealot x5  
  59  7:49  Nexus  
  69  7:52  Pylon, Probe x2  
  69  7:56  Assimilator  
  71  8:03  Robotics Bay  
  63  8:32  Zealot x2  
  63  8:33  Zealot x6  
  79  8:40  Probe x2  
  81  8:43  Robotics Facility  
  81  8:55  Forge  
  81  8:57  Pylon  
  81  9:14  Blink  
  81  9:19  Shield Battery  
  81  9:20  Probe (Chrono Boost)  
  84  9:25  Stalker x3  
  84  9:26  Probe x2 (Chrono Boost), Stalker x2  
  92  9:35  Probe (Chrono Boost)  
  93  9:38  Probe (Chrono Boost)  
  93  9:44  Probe (Chrono Boost)  
  96  9:48  Probe (Chrono Boost)  
  96  9:49  Probe (Chrono Boost)  
  96  9:52  Probe (Chrono Boost)  
  96  10:00  Probe  
  96  10:01  Probe  
  96  10:03  Probe  
  99  10:07  Pylon  
  99  10:13  Stalker x3, Probe x2  
  99  10:14  Stalker x2  
  111  10:27  Probe (Chrono Boost)  
  114  10:34  Probe x2 (Chrono Boost)  
  115  10:36  Protoss Ground Weapons Level 1 (Chrono Boost), Probe (Chrono Boost)  
  115  10:39  Sentry x4  
  115  10:40  Sentry x4  
  131  10:56  Nexus  
  131  10:59  Pylon  
  131  11:02  Pylon  
  131  11:04  Pylon  
  135  11:24  Disruptor (Chrono Boost)  
  135  11:27  Stalker x7  
  135  11:28  Warp Prism (Chrono Boost)  
  151  11:51  Zealot x3  
  157  11:58  Pylon  
  157  12:00  Pylon  
  157  12:04  Disruptor x2  
  99  12:22  Zealot x3  
  87  12:23  Zealot x5  
  95  12:37  Disruptor x2 (Chrono Boost)  
  95  12:40  Protoss Ground Weapons Level 2 (Chrono Boost)  
  103  12:44  Zealot x4  
  103  12:45  Zealot x4  
  119  12:57  Dark Shrine  
  119  13:00  Pylon  
  119  13:03  Pylon  
  117  13:06  Zealot x4  
  117  13:07  Zealot x2  
  127  13:17  Stalker x2  
  129  13:27  Gateway x2  
  129  13:30  Gateway  
  129  13:34  Gateway  
  129  13:42  Sentry x4  
  129  13:43  Stalker  
  113  14:27  Zealot x5  
  113  14:28  Zealot x3  
  75  14:48  Stalker x6  
  75  14:49  Disruptor x2 (Chrono Boost), Stalker x2  
  99  15:01  Assimilator  
  99  15:06  Assimilator  
  97  15:12  Stalker x3  
  97  15:13  Stalker x2  
  87  15:26  Stalker x2  
  87  15:27  Stalker  
  73  15:53  Stalker  
  73  15:54  Stalker x5  
  85  16:18  Stalker x2  
  85  16:19  Stalker x4  
  85  16:24  Zealot, Stalker  
  85  16:25  Zealot x4  
  109  16:43  Stalker x5  
  119  16:47  Zealot x3  
  119  16:48  Zealot x4  
  133  17:09  Zealot x6  
  133  17:10  Zealot x2  
  149  17:25  Protoss Ground Weapons Level 3 (Chrono Boost)  
  111  17:47  Stalker x2  
  111  17:48  Stalker x6  
  109  17:58  Stalker x2  
  113  18:07  Stalker x2  
  117  18:17  Assimilator  
  117  18:20  Stargate  
  117  18:21  Assimilator  
  117  18:22  Stargate  
  117  18:25  Stargate  
  117  18:30  Stalker  
  119  18:55  Stalker x5  
  125  18:56  Stalker  
  125  18:59  Stalker  
  111  19:32  Fleet Beacon  
  111  19:34  Stalker  
  111  19:35  Stalker x5  
  111  19:36  Stalker  
  118  20:26  Carrier x3 (Chrono Boost)  
  136  21:00  Dark Shrine  
  136  21:07  Nexus  
  136  21:15  Nexus  
  136  21:17  Pylon  
  136  21:20  Carrier (Chrono Boost)  
  136  21:21  Carrier (Chrono Boost)  
  148  21:28  Pylon  
  148  21:33  Carrier (Chrono Boost)  
  154  21:56  Zealot x2  
  154  21:57  Zealot x5  
  167  22:10  Stalker x4  
  107  22:29  Stalker x3  
Show
View Real Time Build Order
Export as new Build Order

Sylnear Terran - Winner!

Build Orders: Reaper Expand 

Get SALT Encoding   

  12  0:00  SCV  
  13  0:12  SCV  
  14  0:18  Supply Depot  
  14  0:25  SCV  
  15  0:39  SCV  
  15  0:41  Barracks  
  16  0:45  Refinery  
  16  0:51  SCV  
  17  1:03  SCV  
  18  1:15  SCV  
  19  1:28  Reaper  
  19  1:29  Orbital Command  
  20  1:54  Command Center, Refinery  
  20  1:55  SCV  
  21  2:02  Supply Depot  
  21  2:07  SCV  
  22  2:13  Factory  
  22  2:19  SCV  
  23  2:23  Barracks Reactor  
  23  2:31  SCV  
  24  2:43  SCV  
  25  2:56  SCV  
  26  3:00  Starport  
  26  3:08  Barracks Tech Lab, SCV  
  27  3:14  Cyclone x2  
  27  3:19  Refinery  
  31  3:20  SCV  
  32  3:27  Orbital Command  
  32  3:32  Marauder, SCV  
  35  3:40  Fusion Core  
  35  3:44  SCV  
  35  3:46  Cyclone  
  38  3:51  Cyclone  
  38  3:52  SCV  
  43  3:56  SCV, Marauder  
  44  4:05  SCV  
  44  4:07  Supply Depot  
  45  4:10  SCV, Supply Depot  
  46  4:18  Starport Tech Lab  
  46  4:29  SCV x2  
  48  4:41  SCV  
  48  4:43  Hellion x2  
  48  4:44  Battlecruiser  
  59  4:46  Marauder  
  59  4:47  SCV  
  60  4:53  SCV  
  60  4:59  SCV  
  62  5:03  Command Center  
  62  5:07  Supply Depot  
  62  5:08  Refinery  
  62  5:19  Cyclone x2, SCV  
  62  5:20  Marauder  
  69  5:29  SCV  
  69  5:31  SCV  
  71  5:36  Supply Depot  
  71  5:37  Supply Depot  
  71  5:41  SCV  
  72  5:43  SCV  
  72  5:47  Factory  
  69  6:03  Hellion x2  
  68  6:04  Marauder  
  68  6:09  SCV x2  
  68  6:32  Supply Depot  
  68  6:33  Supply Depot x2  
  68  6:39  Battlecruiser  
  74  6:46  Engineering Bay  
  74  6:47  Factory Tech Lab  
  74  6:48  Cyclone x2  
  78  6:55  SCV  
  78  6:56  SCV  
  80  7:10  SCV x2  
  69  7:43  Marauder  
  63  7:46  SCV  
  63  7:47  SCV  
  63  7:49  Supply Depot  
  65  7:52  Siege Tank  
  65  7:53  Cyclone  
  65  7:54  Cyclone  
  65  7:56  Battlecruiser  
  78  7:58  SCV  
  78  8:01  Factory  
  78  8:03  Factory  
  78  8:04  Armory, Marauder  
  81  8:06  Armory, SCV  
  74  8:24  Cyclone  
  74  8:25  SCV x2  
  74  8:26  Cyclone  
  80  8:34  Planetary Fortress  
  80  8:37  SCV x2  
  82  8:49  SCV x2  
  82  8:53  Supply Depot  
  82  8:55  Supply Depot  
  84  8:56  Supply Depot  
  84  8:57  Cyclone  
  84  8:58  Siege Tank  
  84  9:01  SCV  
  84  9:02  SCV  
  91  9:07  Battlecruiser  
  91  9:08  Cyclone  
  99  9:10  Marauder  
  99  9:13  SCV  
  99  9:14  SCV x2  
  104  9:26  Factory Reactor x2, SCV  
  104  9:29  Hellbat  
  104  9:30  Hellbat  
  109  9:31  Marauder  
  111  9:52  SCV x3  
  108  9:59  Supply Depot  
  108  10:05  Terran Vehicle Weapons Level 1  
  108  10:06  Terran Ship Weapons Level 1, Refinery  
  108  10:07  Refinery  
  108  10:14  Command Center, Neosteel Armor  
  108  10:16  Cyclone x3  
  108  10:17  Command Center, Cyclone x2  
  108  10:19  Hellbat x2  
  108  10:20  Infernal Pre-Igniter  
  122  10:22  SCV  
  122  10:27  SCV x2  
  125  10:52  SCV x2  
  125  10:54  Hellion x2  
  125  10:55  Hellion  
  125  10:56  Siege Tank  
  136  10:59  Cyclone x2  
  136  11:03  Supply Depot  
  140  11:04  Supply Depot  
  140  11:05  Supply Depot  
  140  11:10  Missile Turret  
  140  11:15  Missile Turret  
  140  11:16  Missile Turret  
  140  11:17  Missile Turret x2  
  140  11:19  Missile Turret  
  140  11:20  SCV  
  140  11:24  Cyclone, SCV x2  
  145  11:26  Battlecruiser, Supply Depot  
  145  11:31  Missile Turret  
  151  11:39  Hurricane Engines  
  151  11:42  Missile Turret  
  151  11:44  Missile Turret  
  151  11:45  Missile Turret  
  149  11:49  Cyclone x2  
  149  11:50  Supply Depot  
  139  12:16  Siege Tank, Hellbat x2  
  139  12:17  Cyclone x2  
  139  12:19  Terran Ship Weapons Level 2, Terran Vehicle Weapons Level 2  
  148  12:30  Battlecruiser  
  148  12:31  SCV x2  
  148  12:33  Orbital Command  
  142  12:38  Cyclone x3  
  142  12:40  Cyclone  
  150  12:45  Starport  
  150  12:48  Siege Tank  
  150  12:49  Planetary Fortress  
  153  12:52  SCV x2  
  153  12:53  SCV  
  156  13:03  Supply Depot x2  
  156  13:05  Supply Depot  
  156  13:06  Refinery x2  
  156  13:17  Hellbat x2  
  156  13:18  Hellbat, Cyclone  
  156  13:19  Cyclone x2  
  168  13:22  SCV x2  
  170  13:27  SCV  
  170  13:28  SCV  
  170  13:30  Starport Tech Lab  
  170  13:31  Siege Tank  
  175  13:39  Missile Turret  
  175  13:43  Missile Turret  
  175  13:45  Missile Turret  
  175  13:48  Missile Turret  
  175  13:50  Battlecruiser  
  175  13:53  Battlecruiser  
  187  14:01  SCV x3  
  190  14:05  Hi-Sec Auto Tracking  
  144  14:44  Cyclone  
  144  14:45  Cyclone x3  
  150  14:50  Hellion x3  
  156  14:53  Terran Ship Weapons Level 3, Terran Vehicle Weapons Level 3  
  156  14:57  Weapon Refit  
  156  14:59  SCV x3  
  149  15:22  Battlecruiser x2  
  161  15:59  Command Center  
  161  16:03  Cyclone x3  
  161  16:04  Cyclone  
  169  16:05  Thor  
  169  16:06  Hellion x2  
  169  16:07  Command Center  
  169  16:09  Command Center  
  179  16:11  Command Center  
  179  16:15  Factory x2  
  179  16:18  Starport  
  179  16:26  Raven, Battlecruiser  
  187  17:02  Ghost Academy  
  187  17:08  Factory Reactor, Ghost Academy  
  187  17:09  Factory Reactor  
  187  17:10  Cyclone x3, Ghost Academy  
  187  17:11  Cyclone x3  
  199  17:28  Sensor Tower  
  199  17:30  Terran Vehicle And Ship Armor Level 1  
  199  17:35  Missile Turret  
  189  17:56  Starport Tech Lab  
  189  17:57  Battlecruiser  
  189  17:58  Missile Turret  
  195  17:59  Cyclone  
  195  18:00  Cyclone  
  195  18:01  Planetary Fortress  
  199  18:09  Missile Turret  
  199  18:10  Planetary Fortress  
  199  18:18  Missile Turret  
  199  18:20  Missile Turret  
  199  18:23  Missile Turret  
  199  18:27  Missile Turret  
  199  18:30  Missile Turret  
  199  18:31  Missile Turret  
  199  18:32  Missile Turret  
  199  18:33  Missile Turret  
  199  18:39  Unknown, Supply Depot  
  199  18:42  Supply Depot  
  199  18:44  Supply Depot  
  199  18:50  Missile Turret  
  199  19:00  Missile Turret x2  
  199  19:01  Personal Cloaking  
  199  19:02  Sensor Tower, Missile Turret, Nuke x2  
  199  19:03  Supply Depot  
  199  19:09  Refinery  
  198  19:10  Refinery  
  198  19:11  Planetary Fortress  
  198  19:13  Missile Turret  
  184  19:23  Supply Depot  
  184  19:30  Planetary Fortress  
  184  19:35  Missile Turret  
  184  19:41  Supply Depot  
  184  19:44  Supply Depot  
  184  19:45  Supply Depot  
  184  19:46  Supply Depot x2  
  184  19:49  Missile Turret  
  184  19:54  Missile Turret  
  184  19:58  SCV x4  
  188  20:04  Battlecruiser x2  
  194  20:10  Missile Turret  
  194  20:13  Thor  
  194  20:14  Sensor Tower  
  194  20:15  Cyclone  
  194  20:16  Cyclone  
  194  20:20  Cyclone  
  200  20:25  Command Center  
  200  20:27  Nuke  
  200  20:30  Command Center  
  200  20:40  Command Center  
  200  20:53  Command Center  
  200  20:56  Command Center  
  200  20:57  Command Center  
  200  21:18  Sensor Tower  
  200  21:45  Missile Turret  
  200  21:57  Orbital Command x2  
  200  21:58  Orbital Command  
  200  22:06  Missile Turret  
  170  22:29  Missile Turret  
  192  22:53  Missile Turret  
Tags
 
Add a new tag
Caveats
  • Supply blocks, unpowered buildings, or Contaminate may cause inaccurate times.
  • Supply counts are checked every 10 seconds.